 Dungeon Crawl Stone Soup version 0.29-a0-422-gafbd6decc1 (webtiles) character file.

Game seed: 18338620207594857744

3166 mandarbmax the Reanimator (level 9, -1/81 HPs)
             Began as a Hill Orc Necromancer on May 19, 2022.
             Was an Elder of Jiyva.
             Slain by a yak (14 damage)
             ... on level 8 of the Dungeon on June 8, 2022.
             The game lasted 00:18:44 (4865 turns).

mandarbmax the Reanimator (Hill Orc Necromancer)    Turns: 4865, Time: 00:18:45

Health: -1/81      AC:  6    Str: 11    XL:     9   Next: 94%
Magic:  12/12      EV: 14    Int: 23    God:    Jiyva [****..]
Gold:   546        SH:  0    Dex: 17    Spells: 1/12 levels left

rFire   . . .      SeeInvis .   d - +0 quarterstaff
rCold   . . .      Faith    .   (shield currently unavailable)
rNeg    . . .      Spirit   .   n - +0 troll leather armour
rPois   .          Reflect  .   p - +0 helmet
rElec   .          Harm     .   (no cloak)
rCorr   +          Rampage  .   (no gloves)
Will    +....                   y - +0 pair of boots
Stlth   ++........              (no amulet)
HPRegen 3.91/turn               i - +4 ring of slaying
MPRegen 0.53/turn               l - +6 ring of dexterity

@: confused, ambrosia-drunk
A: clever 2, strong-willed 1, regeneration 2, translucent skin 3, engulf
a: Renounce Religion, Convert to Beogh, Oozemancy, Slimify


You were on level 8 of the Dungeon.
You worshipped Jiyva.
Jiyva was greatly pleased with you.
You visited 1 branch of the dungeon, and saw 8 of its levels.
You also visited: Ossuary.

You collected 546 gold pieces.

Inventory:

Hand Weapons
 d - a +0 quarterstaff (weapon)
Armour
 j - a +0 kite shield
 n - a +0 troll leather armour (worn)
 p - a +0 helmet (worn)
 y - a +0 pair of boots (worn)
Jewellery
 i - a +4 ring of slaying (left hand)
 l - a +6 ring of dexterity (right hand)
Wands
 v - a wand of iceblast (10)
 x - a wand of digging (6)
Scrolls
 a - a scroll of enchant weapon {unknown}
 c - a scroll of amnesia {unknown}
 e - a scroll of blinking
 f - a scroll of vulnerability {unknown}
 m - a scroll of fog {unknown}
 q - a scroll of noise {unknown}
 r - a scroll of poison
 t - 3 scrolls of teleportation {unknown}
 B - a scroll of silence {unknown}
 D - a scroll of fear {unknown}
Potions
 b - 3 potions of magic
 g - a potion of might
 h - a potion of flight
 k - a potion of resistance
 o - a potion of mutation
 s - a potion of brilliance
 w - 3 potions of curing {unknown}
 z - a potion of attraction
 A - a potion of invisibility {unknown}
 C - 2 potions of cancellation {unknown}


   Skills:
 + Level 7.8 Fighting
 + Level 4.7 Staves
 - Level 5.0 Dodging
 + Level 3.7 Stealth
 - Level 2.0 Spellcasting
 - Level 8.0 Necromancy
 + Level 3.5 Evocations


You had one spell level left.
You knew the following spells:

 Your Spells              Type           Power      Damage    Failure   Level
a - Pain                  Necr           100%       1d9       1%          1
b - Animate Skeleton      Necr           78%        N/A       1%          1
c - Agony                 Necr           39%        N/A       17%         5
z - Animate Dead          Necr           19%        N/A       6%          4

Your spell library contained the following spells:

 Spells                   Type           Power      Damage    Failure   Level
 Vampiric Draining        Necr           39%        2d8       1%          3


Dungeon Overview and Level Annotations

Branches:
Dungeon (8/15)             Temple (0/1) D:5         Ossuary (visited)
   Lair: D:8-11

Altars:
Ashenzari
Elyvilon
Gozag
Makhleb
Qazlal
Trog
Uskayaw
Vehumet
Jiyva


Innate Abilities, Weirdness & Mutations

Your mind is very acute. (Int +4)
You are strong-willed. (Will+)
You heal very quickly.
Your transparent skin significantly reduces your foes' accuracy. (Stealth+)
Your melee attacks may engulf your foes in ooze.


Message History

Unknown command.
Unknown command.
The orc warrior shouts!
You hit the yak.
The yak is lightly wounded.
The yak is engulfed in poison gas.
The yak is poisoned.
The yak gores you! The yak gores you.
Unknown command.
You closely miss the yak.
The yak is lightly wounded.
The yak is engulfed in poison gas.
The yak looks even sicker.
The orc wizard gestures wildly while chanting.
The orc wizard flickers and vanishes!
Deactivating autopickup; reactivate with Ctrl-A.
The yak misses you. The yak gores you!
You hit the yak.
The yak is moderately wounded.
The yak is engulfed in poison gas.
The yak looks even sicker.
The yak gores you! The yak misses you.
Unknown command.
You hit the yak.
The yak is heavily wounded.
The yak is engulfed in poison gas.
The yak looks as sick as possible!
The yak gores you! x2
* * * LOW HITPOINT WARNING * * *
You sock the yak!
The yak is severely wounded.
The orc priest calls down the wrath of Beogh upon you.
Beogh smites you!
* * * LOW HITPOINT WARNING * * *
The yak is engulfed in poison gas.
The yak looks as sick as possible!
The yak barely misses you. The yak gores you.
* * * LOW HITPOINT WARNING * * *
Okay, then.
You are confused.
You feel invigorated.
The yak looks as sick as possible!
The yak barely misses you. The yak gores you!
Bones file is buggy: /crawl-master/crawl-git/saves/bones/bones.store.D-8 Clearing bad bones file: /crawl-master/crawl-git/saves/bones/bones.store.D-8 You die...

#§ #§ #§ oo
#o #Y #
#Y##+####☼
#Y@§§§§§§§
##§§§§§###
##☼☼☼§§§§##
#§☼§§§§☼§§#
+§§§§§§§☼§+
#○§§○§§§§§#
##§§§§§§§##
##§§☼○§##
##...##


You could see 3 yaks, an orc warrior, an orc priest and an orc.

Vanquished Creatures
  A troll (D:6)
  A hornet (D:7)
  Grinder (D:3)
  Prince Ribbit (D:6)
  A yak (D:8)
  A water moccasin (D:6)
  An orc warrior (D:6)
  An ice beast (D:5)
  3 black bears
  An ogre (D:5)
  A phantom (D:6)
  4 bullfrogs
  2 scorpions
  A necrophage (D:5)
  A howler monkey (D:5)
  3 hounds
  5 orc priests
  3 gnoll shamans
  Ijyb (D:5)
  8 orc wizards
  8 mummies (Ossuary)
  6 adders
  11 gnolls
  A shadow imp (D:7)
  4 white imps
  2 worms
  2 dart slugs
  22 orcs
  2 ball pythons
  An endoplasm (D:1)
  4 giant cockroaches
  6 goblins
  8 hobgoblins
  5 kobolds
  2 quokkas
  3 bats
  3 frilled lizards
  A gnoll zombie (Ossuary)
  2 hobgoblin zombies (Ossuary)
  4 kobold zombies (Ossuary)
  An orc zombie (Ossuary)
  3 rats
142 creatures vanquished.

Vanquished Creatures (collateral kills)
  A yak (D:8)
  An orc (D:5)
2 creatures vanquished.

Vanquished Creatures (others)
  A black bear (D:6)
  A phantom (D:6)
  A necrophage (D:6)
  9 jellies
  An orc priest (D:4)
  An orc wizard (D:4)
  4 gnolls (D:6)
  2 adders
  2 orcs (D:6)
  An endoplasm (D:1)
  A giant cockroach (D:1)
  A goblin (D:1)
  A quokka (D:1)
  A training dummy (D:6)
  A ball python (D:2)
  3 bats (D:2)
  A frilled lizard (D:2)
  A kobold (D:1)
  A rat (D:1)
  25 plants (D:3)
59 creatures vanquished.

Grand Total: 203 creatures vanquished

Notes
Turn   | Place    | Note
-------+----------+-------------------------------------------
     0 | D:1      | mandarbmax the Hill Orc Necromancer began the quest for the
                  | Orb.
     0 | D:1      | Reached XP level 1. HP: 14/14 MP: 3/3
   226 | D:1      | Found a faded altar of an unknown god.
   244 | D:1      | Prayed at the altar of an unknown god.
   244 | D:1      | Became a worshipper of Jiyva Jomonuma the Shapeless
   244 | D:1      | Reached * piety under Jiyva
   249 | D:1      | Reached XP level 2. HP: 17/20 MP: 1/4
   263 | D:1      | Learned a level 1 spell: Animate Skeleton
   454 | D:1      | Reached ** piety under Jiyva
   783 | D:2      | Noticed a scorpion
   790 | D:2      | Killed a scorpion
   791 | D:2      | Reached skill level 5 in Necromancy
   791 | D:2      | Reached XP level 3. HP: 25/26 MP: 0/6
   791 | D:2      | Reached XP level 4. HP: 32/33 MP: 0/7
  1355 | D:3      | Reached *** piety under Jiyva
  1355 | D:3      | Gained mutation: You are strong-willed. (Will+) [Jiyva's
                  | grace]
  1355 | D:3      | Gained mutation: You are highly strong-willed. (Will++)
                  | [Jiyva's grace]
  1355 | D:3      | Gained mutation: You are extremely strong-willed. (Will+++)
                  | [Jiyva's grace]
  1355 | D:3      | Gained mutation: You have sharp toenails. [Jiyva's grace]
  1427 | D:3      | Found a white marble altar of Elyvilon.
  1428 | D:3      | Found a broken altar of Ashenzari.
  1428 | D:3      | Found an opulent altar of Gozag.
  1430 | D:3      | Found a radiant altar of Vehumet.
  1430 | D:3      | Found a hide-covered altar of Uskayaw.
  1433 | D:3      | Found a bloodstained altar of Trog.
  1450 | D:3      | Reached XP level 5. HP: 32/38 MP: 4/8
  1574 | D:3      | Noticed Grinder
  1591 | D:3      | Killed Grinder
  1592 | D:3      | Reached skill level 6 in Necromancy
  1592 | D:3      | Reached XP level 6. HP: 29/45 MP: 9/9
  1764 | D:3      | Reached **** piety under Jiyva
  1888 | D:3      | Found a stormy altar of Qazlal.
  1889 | D:3      | Found a burning altar of Makhleb.
  2255 | D:4      | Noticed a black bear
  2258 | D:4      | Killed a black bear
  2259 | D:4      | Reached skill level 7 in Necromancy
  2259 | D:4      | Reached XP level 7. HP: 48/50 MP: 7/10
  2719 | D:5      | Entered Level 5 of the Dungeon
  2764 | D:5      | Noticed Ijyb
  2777 | D:5      | Killed Ijyb
  2816 | D:5      | Learned a level 4 spell: Animate Dead
  2837 | D:5      | Reached skill level 8 in Necromancy
  2837 | D:5      | Reached skill level 1 in Fighting
  2837 | D:5      | Reached XP level 8. HP: 13/59 MP: 9/11
  3051 | D:5      | Found a staircase to the Ecumenical Temple.
  3312 | D:5      | Lost mutation: You have sharp toenails. [Jiyva's grace]
  3312 | D:5      | Gained mutation: Your melee attacks may engulf your foes in
                  | ooze. [Jiyva's grace]
  3312 | D:5      | Gained mutation: Your translucent skin slightly reduces
                  | your foes' accuracy. (Stealth+) [Jiyva's grace]
  3312 | D:5      | Gained mutation: Your translucent skin reduces your foes'
                  | accuracy. (Stealth+) [Jiyva's grace]
  3312 | D:5      | Gained mutation: Your transparent skin significantly
                  | reduces your foes' accuracy. (Stealth+) [Jiyva's grace]
  3492 | D:6      | Learned a level 5 spell: Agony
  3548 | D:6      | Reached skill level 5 in Fighting
  3578 | D:6      | Noticed Prince Ribbit
  3594 | D:6      | Killed Prince Ribbit
  3595 | D:6      | Reached XP level 9. HP: 75/75 MP: 3/12
  3641 | D:6      | Noticed a troll
  3654 | D:6      | Killed a troll
  3655 | D:6      | Reached skill level 5 in Dodging
  3949 | D:7      | Reached skill level 1 in Evocations
  4063 | D:7      | Found a sand-covered staircase.
  4068 | Ossuary  | Entered an ossuary
  4591 | D:7      | Noticed a hornet
  4592 | D:7      | Reached ***** piety under Jiyva
  4596 | D:7      | Paralysed by a hornet for 1 turns
  4606 | D:7      | Killed a hornet
  4607 | D:7      | HP: 5/118 [poisoned by a hornet]
  4796 | D:8      | Lost mutation: You are extremely strong-willed. (Will+++)
                  | [Jiyva's grace]
  4796 | D:8      | Lost mutation: You are highly strong-willed. (Will++)
                  | [Jiyva's grace]
  4796 | D:8      | Gained mutation: Your mind is acute. (Int +2) [Jiyva's
                  | grace]
  4796 | D:8      | Gained mutation: Your mind is very acute. (Int +4) [Jiyva's
                  | grace]
  4796 | D:8      | Gained mutation: Your natural rate of healing is unusually
                  | fast. [Jiyva's grace]
  4796 | D:8      | Gained mutation: You heal very quickly. [Jiyva's grace]
  4865 | D:8      | Slain by a yak

Illustrated notes

Levels and vault maps discovered:
D:1:      sevenhm_arrival_forest_fort_large_2, layout_rooms,
          ebering_ecumenical_altar_sacrificial
D:2:      layout_loops_cross
D:3:      layout_loops_corners, grunt_temple_overflow_open, serial_bayou_lake_a,
          uniq_grinder
D:4:      cheibrodos_pilgrimage, layout_cave_pools, minmay_cut_off
D:5:      layout_rooms, minmay_temple_entry_nine_rooms, minmay_holes, uniq_ijyb
D:6:      dreamdust_elfheim, layout_cave_pools, uniq_prince_ribbit1
D:7:      layout_rooms, enter_ossuary_2
D:8:      minmay_chambers_of_sixes, layout_loops_corners,
          kennysheep_minor_cross, minmay_joined_circles

Skill      XL: |  1  2  3  4  5  6  7  8  9 |
---------------+----------------------------+-----
Dodging        | 2 4 5 |  5.0
Spellcasting   | 2 |  2.0
Necromancy     | 5 6 7 8 |  8.0
Staves         | 2 3 4 |  4.7
Fighting       | 1 6 7 |  7.8
Stealth        | 3 |  3.7
Evocations     | 3 |  3.5

Action                   |  1- 3 |  4- 6 |  7- 9 || total
-------------------------+-------+-------+-------++-------
Melee: Quarterstaff      |    12 |    26 |   216 ||   254
       Kick              |       |    10 |     8 ||    18
 Cast: Pain              |    39 |    44 |   108 ||   191
       Animate Skeleton  |     2 |    10 |     9 ||    21
       Animate Dead      |       |       |    10 ||    10
       Agony             |       |       |     4 ||     4
Invok: Oozemancy         |       |     1 |     3 ||     4
Evoke: Wand              |       |       |     3 ||     3
  Use: Scroll            |       |     4 |     8 ||    12
       Potion            |       |     1 |     6 ||     7
Armor: Robe              |     9 |     6 |     3 ||    18
       Skin              |       |       |    40 ||    40
       Troll leather arm |       |       |    21 ||    21
Dodge: Dodged            |    13 |    13 |   217 ||   243

Table legend: (Time is in decaauts)
 A = Elapsed time spent in this place.
 B = Non-inter-level travel time spent in this place.
 C = Inter-level travel time spent in this place.
 D = Time resting spent in this place.
 E = Time spent auto-exploring this place.
 F = Levels seen in this place.
 G = Mean time per level.
                   A        B        C        D        E       F      G
               +--------+--------+--------+--------+--------+-----+--------+
         Total |   4914 |   4759 |    155 |    263 |   3212 |   9 |  546.0 |
       Dungeon |   4660 |   4505 |    155 |    263 |   3125 |   8 |  582.5 |
       Ossuary |    253 |    253 |      0 |      0 |     87 |   1 |  253.0 |
               +--------+--------+--------+--------+--------+-----+--------+

Top non-repeatable levels by time:
     D:3: 841 daAuts
     D:1: 722 daAuts
     D:5: 674 daAuts
     D:4: 626 daAuts
     D:2: 591 daAuts
     D:7: 564 daAuts
     D:6: 513 daAuts
 Ossuary: 253 daAuts
     D:8: 126 daAuts
